 Dungeon Crawl Stone Soup version 0.32-a0-132-g2d33c3cfaf (webtiles) character file.

Game seed: 4469369015192380944

28 Dittersdorf the Shield-Bearer (level 3, -1/23 HPs)
             Began as a Gargoyle Fighter on Feb 9, 2024.
             Slain by a gnoll
             ... wielding a +0 whip
              (8 damage)
             ... on level 1 of the Dungeon.
             The game lasted 00:01:04 (1350 turns).

Dittersdorf the Shield-Bearer (Gargoyle Fighter)    Turns: 1350, Time: 00:01:05

Health: -1/23      AC: 12    Str: 21    XL:     3   Next: 12%
Magic:  3/3        EV:  9    Int:  8    God:
Gold:   58         SH:  4    Dex:  9    Spells: 2/2 levels left

rFire   . . .        a - +0 flail
rCold   . . .        c - +0 buckler
rNeg    + . .        b - +0 scale mail
rPois   ∞            (no helmet)
rElec   +            o - +0 cloak
rCorr   .            k - +0 pair of gloves
SInv    .            (no boots)
Will    .....        (no amulet) Stlth
                     (no ring)
HPRegen 0.23/turn    (no ring)
MPRegen 0.08/turn

%: no passive effects
@: no status effects
A: sickness immunity, AC +3, negative energy resistance 1, electricity
resistance, torment resistance 1, petrification resistance
a: no special abilities


You were on level 1 of the Dungeon.
You visited 1 branch of the dungeon, and saw 2 of its levels.

You collected 58 gold pieces.

Inventory:

Hand Weapons
 a - a +0 flail (weapon)
Armour
 b - a +0 scale mail (worn)
 c - a +0 buckler (worn)
 k - a +0 pair of gloves (worn)
 o - a +0 cloak (worn)
Scrolls
 e - 3 scrolls of identify {unknown}
 f - a scroll of amnesia {unknown}
 g - a scroll of teleportation {unknown}
 h - a scroll of noise {unknown}
 i - a scroll of enchant weapon {unknown}
 l - a scroll of revelation {unknown}
 p - a scroll of torment {unknown}
Potions
 d - a potion of might
 j - 2 potions of heal wounds {unknown}
 m - a potion of attraction {unknown}
 n - a potion of invisibility {unknown}


   Skills:
 + Level 3.6 Fighting
 + Level 2.4 Maces & Flails
 + Level 3.6 Armour
 + Level 3.7 Shields


You had 2 spell levels left.
You didn't know any spells.
Your spell library was empty.

Dungeon Overview and Level Annotations

Branches:
Dungeon (2/15)

Altars:


Innate Abilities, Weirdness & Mutations

You are immune to sickness and miasma.
Your stone body is resilient. (AC +3)
You are immune to poison.
You resist negative energy. (rN+)
You are resistant to electric shocks. (rElec)
You are resistant to unholy torment.
You are immune to petrification.


Message History

A gnoll comes into view.
It is wielding a +0 flail and quivering 2 throwing nets.
Found a pair of gloves.
The gnoll throws a throwing net.
The throwing net closely misses you.
You see here a throwing net.
The gnoll throws a throwing net.
The throwing net hits you.
You become entangled in the net!
You see here a throwing net.
You struggle against the net.
The gnoll barely misses you.
A rat comes into view.
You struggle against the net.
The rat squeaks loudly.
A kobold comes into view. It is wielding a +0 club.
The gnoll hits you from afar with a +0 halberd.
You struggle against the net.
A kobold comes into view. It is wielding a +0 dagger.
The gnoll hits you with a +0 whip.
The gnoll hits you from afar with a +0 halberd.
You shred the net and break free!
The kobold shouts!
You hear a shout!
A gnoll comes into view. It is wielding a +0 halberd.
The gnoll hits you with a +0 whip. You block the gnoll's attack.
The gnoll attacks as it pursues you! The gnoll hits you but does no damage.
The gnoll attacks as it pursues you! The gnoll closely misses you.
The gnoll hits you with a +0 whip. The gnoll attacks as it pursues you!
You block the gnoll's attack.
There is a stone staircase leading down here.
The gnoll attacks as it pursues you! The gnoll hits you with a +0 whip.
* * * LOW HITPOINT WARNING * * *
The gnoll attacks as it pursues you! The gnoll barely misses you.
The gnoll attacks as it pursues you! The gnoll hits you but does no damage.
The gnoll attacks as it pursues you! The gnoll hits you but does no damage.
The gnoll attacks as it pursues you! The gnoll hits you but does no damage.
The gnoll attacks as it pursues you! The gnoll hits you but does no damage.
The gnoll attacks as it pursues you! The gnoll barely misses you.
There is a stone staircase leading up here.
The gnoll closely misses you.
You climb upwards.
There is a stone staircase leading down here.
You barely miss the gnoll. The gnoll hits you with a +0 whip!
You die...

## ########## #.# .# #........#
#.# .# #.######.# #.# .# #.#
####.#######.### .#########
#.###.........#.#... .........#
#.#.......##...###.# .#######.#
#.#.#.##..##..## ##. .# #.#
#.#.#.##..##...###.# .# #.#
#..@g.....#####.#.## .# #.#
###.#.###.# ##.## ## #.# #.#.#
#.# #.# ###.##### #.#.###.# #.#
#.......# #.......# ##+##
#.#.###.# ###.##### ##...##
##.#..##.# #.## ##.....# #
##..##.##.# #..## ##.......
####...##.##(#####...####........


You could see a gnoll.

Vanquished Creatures
  3 ball pythons
  5 bats
  2 endoplasms
  2 giant cockroaches
  2 goblins (D:1)
  3 hobgoblins
  2 frilled lizards (D:1)
  4 kobolds
  3 rats
26 creatures vanquished.

Notes
Turn   | Place    | Note
-------+----------+-------------------------------------------
     0 | D:1      | Dittersdorf the Gargoyle Fighter began the quest for the
                  | Orb.
     0 | D:1      | Reached XP level 1. HP: 14/14 MP: 1/1
   269 | D:1      | Reached XP level 2. HP: 19/19 MP: 2/2
  1161 | D:2      | Found a faded altar of an unknown god.
  1212 | D:2      | Reached XP level 3. HP: 18/23 MP: 3/3
  1350 | D:1      | Slain by a gnoll

Illustrated notes

Levels and vault maps discovered:
D:1:      matt_arrival_spirals, layout_loops_corners, nicolae_the_louvre
D:2:      layout_basic, shapermc_ecumenical_altar_mp_vishouse, st_stairs_4,
          kennysheep_generic_room_11, uniq_jessica

Action                     || total
---------------------------++-------
  Melee: Flail             ||    97
 Armour: Scale mail        ||    87
  Dodge: Dodged            ||    53
  Block: Buckler           ||    19

Table legend: (Time is in decaauts)
 A = Elapsed time spent in this place.
 B = Non-inter-level travel time spent in this place.
 C = Inter-level travel time spent in this place.
 D = Time resting spent in this place.
 E = Time spent auto-exploring this place.
 F = Levels seen in this place.
 G = Mean time per level.
                   A        B        C        D        E       F      G
               +--------+--------+--------+--------+--------+-----+--------+
         Total |   1381 |   1356 |     25 |      0 |   1069 |   2 |  690.5 |
       Dungeon |   1381 |   1356 |     25 |      0 |   1069 |   2 |  690.5 |
               +--------+--------+--------+--------+--------+-----+--------+

Top non-repeatable levels by time:
     D:1: 1054 daAuts
     D:2: 326 daAuts
